 Dungeon Crawl Stone Soup version 0.23-a0-378-gd7a6ca6 (console) character file.

215 bli the Poker (level 5, -12/43 HPs)
             Began as a Merfolk Monk on Oct 27, 2018.
             Was a Follower of Ru.
             Mangled by an ogre
             ... wielding a +0 giant club
              (27 damage)
             ... on level 4 of the Dungeon.
             The game lasted 00:17:05 (3057 turns).

bli the Poker (Merfolk Monk)                        Turns: 3057, Time: 00:17:06

Health: -12/43     AC:  6    Str: 12    XL:     5   Next: 92%
Magic:  0/5        EV: 14    Int:  9    God:    Ru [*.....]
Gold:   132        SH:  0    Dex: 17    Spells: 4/4 levels left

rFire    . . .     SeeInvis .   a - +0 spear
rCold    + . .     Gourm    .   (no shield)
rNeg     . . .     Faith    .   t - +2 robe {rC+}
rPois    +         Spirit   +   z - +0 helmet
rElec    .         Reflect  .   (no cloak)
rCorr    .         Harm     .   (no gloves)
MR       .....     Rnd*Tele +   l - +0 pair of boots
Stlth    ++........             p - amulet of guardian spirit
HPRegen  0.14/turn              H - ring of teleportation (curse)
MPRegen  0.09/turn              r - ring of poison resistance

@: heavily drained
A: change form in water, swift swim, stealthy swim, hated by all
a: Renounce Religion


You were on level 4 of the Dungeon.
You worshipped Ru.
Ru was aware of your devotion.
You were not hungry.

You visited 2 branches of the dungeon, and saw 5 of its levels.

You collected 132 gold pieces.

Inventory:

Hand Weapons
 a - a +0 spear (weapon)
 b - a +0 dagger of venom
 q - a +2 hand axe of chopping
 u - a cursed -1 hand axe
 y - a +0 halberd
 C - a +1 hand axe of chopping
Missiles
 d - 126 stones (quivered)
 E - 3 tomahawks
Armour
 l - a +0 pair of boots (worn)
 t - a +2 robe of cold resistance (worn)
 z - a +0 helmet (worn)
 A - a +2 buckler
Jewellery
 j - an uncursed ring of fire
 p - an amulet of guardian spirit (around neck)
 r - a ring of poison resistance (right hand)
 D - an uncursed amulet of harm
 G - an uncursed ring of protection from cold
 H - a cursed ring of teleportation (left hand)
Scrolls
 e - 4 scrolls of teleportation {unknown}
 f - 2 scrolls of enchant weapon {unknown}
 i - a scroll of fear {unknown}
 k - 2 scrolls of remove curse {unknown}
 m - 7 scrolls of identify {unknown}
 s - a scroll of magic mapping {unknown}
 v - a scroll of fog {unknown}
 B - a scroll of amnesia {unknown}
 F - a scroll of immolation {unknown}
Potions
 g - 2 potions of resistance {unknown}
 h - 2 potions of mutation {unknown}
 n - 4 potions of degeneration {unknown}
 o - a potion of haste {unknown}
 w - 2 potions of ambrosia {unknown}
Comestibles
 c - 8 rations
 x - a chunk of flesh


   Skills:
 + Level 4.4(3.2) Fighting
 * Level 6.6(5.3) Polearms
 + Level 5.5(4.2) Dodging
 + Level 3.1(1.9) Stealth


You had 4 spell levels left.
You didn't know any spells.
Your spell library was empty.

Dungeon Overview and Level Annotations

Branches:
Dungeon (4/15)             Temple (1/1) D:4

Altars:
Ashenzari
Cheibriados
Dithmenos
Elyvilon
Fedhas
Gozag
Hepliaklqana
Makhleb
Nemelex Xobeh
Qazlal
Ru
Sif Muna
Trog
Vehumet
Wu Jian
Xom
Yredelemnul
Zin


Innate Abilities, Weirdness & Mutations

You revert to your normal form in water.
You are very nimble and swift while swimming.
You are very stealthy in the water. (Stealth+)
You are hated by all.


Message History

The ogre is moderately wounded.
The ogre hits you with a +0 giant club!
You barely miss the ogre.
The ogre is moderately wounded.
The ogre hits you with a +0 giant club!
You hit the ogre.
The ogre is moderately wounded.
You hit the ogre.
The ogre is moderately wounded.
The ogre barely misses you.
You barely miss the ogre.
The ogre is moderately wounded.
The ogre hits you with a +0 giant club!
You hit the ogre but do no damage.
The ogre is moderately wounded.
You barely miss the ogre.
The ogre is moderately wounded.
The ogre hits you with a +0 giant club!!
Ouch! That really hurt!
You die...

#.#######.........##.####.
#............###..
#.................
#.................
#................#
##.................
##................#.
##..##..#####........
#####..#...####..........
.........###............#
.......O@......##...<...#
....(.######...##.......#
..... ##...###.####.# ....
#........# .# .#.
..##........# .. #
#...........# .
####.......## #.......#
#.......# #.......#
#########


You could see an ogre.

Vanquished Creatures
  A hound (D:4)
  Jessica (D:2)
  A hound skeleton (D:4)
  Robin (D:1)
  4 adders
  An ooze (D:3)
  2 worms
  5 dart slugs
  A leopard gecko (D:3)
  3 orcs (D:3)
  4 giant cockroaches
  15 goblins
  10 hobgoblins
  3 jackals (D:3)
  2 quokkas (D:3)
  A ball python (D:1)
  6 bats
  3 frilled lizards
  6 kobolds
  A leopard gecko skeleton (D:4)
  4 rats
75 creatures vanquished.

Notes
Turn   | Place    | Note
-------+----------+-------------------------------------------
     0 | D:1      | bli the Merfolk Monk began the quest for the Orb.
     0 | D:1      | Reached XP level 1. HP: 18/18 MP: 1/1
   116 | D:1      | Reached XP level 2. HP: 23/24 MP: 2/2
   567 | D:1      | Reached XP level 3. HP: 27/30 MP: 3/3
   713 | D:2      | Reached skill level 5 in Polearms
   733 | D:2      | Noticed Jessica
   746 | D:2      | Killed Jessica
   746 | D:2      | Reached XP level 4. HP: 10/37 MP: 4/4
  1411 | D:2      | Noticed Robin
  1512 | D:1      | Killed Robin
  1512 | D:1      | Reached skill level 5 in Dodging
  1881 | D:3      | Reached XP level 5. HP: 42/42 MP: 5/5
  1929 | D:3      | Found a radiant altar of Vehumet.
  1999 | D:3      | Found a faded altar of an unknown god.
  2387 | D:3      | Reached skill level 6 in Polearms
  2817 | D:4      | Found a staircase to the Ecumenical Temple.
  2826 | Temple   | Entered the Ecumenical Temple
  2833 | Temple   | Became a worshipper of Ru the Awakened
  2858 | D:4      | Gained mutation: You are hated by all. [Ru sacrifice]
  2858 | D:4      | Reached * piety under Ru
  2983 | D:4      | Found a shimmering altar of Xom.
  2984 | D:4      | Found a hazy altar of Hepliaklqana.
  2985 | D:4      | Noticed a spectral ugly thing
  3042 | D:4      | Noticed an ogre
  3057 | D:4      | Mangled by an ogre

Vault maps used:
D:1:      dpeg_arrival_rooms_b, minmay_misc_feat_nine_boxes
D:2:      uniq_robin, uniq_jessica
D:3:      old_standard_altar, chequers_ecumenical_altar_simple_redux
D:4:      regret_index_temple_of_mockery, minmay_temple_entry_mist
Temple:   nicolae_temple_no_exploring_needed

Skill      XL: |  1  2  3  4  5 |
---------------+----------------+-----
Polearms       | 5 6 |  6.6
Fighting       | 4 |  4.4
Dodging        | 5 |  5.5
Stealth        | 3 |  3.1

Action                   |  1- 3 |  4- 6 || total
-------------------------+-------+-------++-------
Melee: Spear             |   113 |   258 ||   371
       Tailslap          |       |     2 ||     2
Throw: Stone             |       |    10 ||    10
Invok: Sacrifice Love    |       |     1 ||     1
 Stab: Sleeping          |     7 |     6 ||    13
       Distracted        |       |     1 ||     1
  Eat: Ration            |       |     1 ||     1
       Chunk             |       |     4 ||     4
Armor: Robe              |     8 |    54 ||    62
Dodge: Dodged            |    63 |   135 ||   198

Table legend:
 A = Non-vault XP
 B = Vault XP
 C = Vault XP percentage of total XP
 D = Non-vault monster count
 E = Vault monster count
 F = Vault count percentage of total count
                 A         B        C        D         E       F
            +---------+---------+-------+---------+---------+-------
      Total |     236 |      72 |  23.4 |      62 |      13 |  17.3
            +---------+---------+-------+---------+---------+-------
        D:1 |      35 |      20 |  36.4 |      20 |       4 |  16.7
        D:2 |      43 |      52 |  54.7 |      13 |       9 |  40.9
        D:3 |      75 |       0 |   0.0 |      23 |       0 |   0.0
        D:4 |      83 |       0 |   0.0 |       6 |       0 |   0.0
            +---------+---------+-------+---------+---------+-------
